 Dungeon Crawl Stone Soup version 0.31-a0-1338-gb567cfdca4 (webtiles) character file.

Game seed: 7590784354769866725

1514 bmb222 the Ruffian (level 8, -3/61 HPs)
             Began as a Gnoll Shapeshifter on Dec 23, 2023.
             Was a Believer of Okawaru.
             Slain by a gnoll sergeant
             ... wielding a +2 spear of freezing
              (4 damage)
             ... on level 6 of the Dungeon.
             The game lasted 00:08:00 (5495 turns).

bmb222 the Ruffian (Gnoll Shapeshifter)             Turns: 5495, Time: 00:08:01

Health: -3/61      AC:  9    Str: 21    XL:     8   Next: 83%
Magic:  13/13      EV: 13    Int: 10    God:    Okawaru [**....]
Gold:   175        SH:  5    Dex: 12    Spells: 14/14 levels left

rFire   . . .        u - +2 hand axe (flame)
rCold   . . .        (no shield)
rNeg    . . .        g - +0 ring mail
rPois   .            (no helmet)
rElec   .            v - +2 cloak
rCorr   .            (no gloves)
SInv    .            (no boots)
Will    .....        n - amulet of reflection
Stlth   ++           r - +6 ring of strength
HPRegen 0.30/turn    (no ring)
MPRegen 0.13/turn

%: reflection
@: no status effects
A: fangs 1, strong nose, distributed training
a: Renounce Religion, Heroism


You were on level 6 of the Dungeon.
You worshipped Okawaru.
Okawaru was pleased with you.
You visited 2 branches of the dungeon, and saw 7 of its levels.

You collected 356 gold pieces.
You spent 181 gold pieces at shops.

Inventory:

Hand Weapons
 k - a +0 dagger of freezing
 u - a +2 hand axe of flaming (weapon)
Armour
 a - a +0 animal skin
 f - a +0 pair of gloves
 g - a +0 ring mail (worn)
 s - an orb of energy
 v - a +2 cloak (worn)
Jewellery
 n - an amulet of reflection (around neck)
 r - a +6 ring of strength (left hand)
 x - an amulet of faith
Talismans
 c - a beast talisman
 d - a flux talisman
Scrolls
 b - 2 scrolls of poison
 e - 3 scrolls of noise
 p - a scroll of teleportation
 t - a scroll of vulnerability
 y - a scroll of summoning
 z - a scroll of enchant armour
 B - a scroll of identify
Potions
 h - 2 potions of brilliance
 i - 2 potions of mutation {unknown}
 l - a potion of magic {unknown}
 m - 5 potions of curing
 o - 3 potions of attraction {unknown}
 q - a potion of degeneration {unknown}
 w - a potion of experience {unknown}
 A - a potion of resistance {unknown}


   Skills:
 + Level 4.6 Fighting
 + Level 3.7 Short Blades
 + Level 3.7 Long Blades
 + Level 3.7 Axes
 + Level 3.7 Maces & Flails
 + Level 3.7 Polearms
 + Level 3.7 Staves
 + Level 3.7 Ranged Weapons
 + Level 3.7 Throwing
 + Level 3.7 Armour
 + Level 6.0 Dodging
 + Level 3.7 Stealth
 + Level 3.7 Shields
 + Level 7.6 Unarmed Combat
 + Level 3.7 Spellcasting
 + Level 3.1 Conjurations
 + Level 3.1 Hexes
 + Level 3.1 Summonings
 + Level 3.1 Necromancy
 + Level 3.1 Translocations
 + Level 3.1 Fire Magic
 + Level 3.1 Ice Magic
 + Level 3.1 Air Magic
 + Level 3.1 Earth Magic
 + Level 3.1 Alchemy
 + Level 4.1 Invocations
 + Level 3.7 Evocations
 + Level 7.4 Shapeshifting


You had 14 spell levels left.
You didn't know any spells.
Your spell library contained the following spells:

 Spells                   Type           Power      Damage    Failure   Level
 Sandblast                Erth           16%        2d6       12%         1
 Ensorcelled Hibernation  Hex/Ice        16%        N/A       19%         2
 Passwall                 Alch/Erth      6%         N/A       19%         2
 Sublimation of Blood     Necr           8%         N/A       19%         2
 Sigil of Binding         Hex            8%         N/A       34%         3
 Stone Arrow              Conj/Erth      16%        3d8       34%         3
 Swiftness                Air            8%         N/A       34%         3
 Brom's Barrelling Bould  Conj/Erth      8%         2d3       75%         4
 Dimensional Bullseye     Hex/Tloc       4%         N/A       75%         4
 Petrify                  Alch/Erth      8%         N/A       75%         4
 Irradiate                Conj/Alch      4%         3d13      97%         5
 Call Canine Familiar     Summ           Unusable   N/A       N/A         3

Dungeon Overview and Level Annotations

Branches:
Dungeon (6/15)             Temple (1/1) D:4

Altars:
Cheibriados
Dithmenos
Fedhas
Gozag
Hepliaklqana
Kikubaaqudgha
Makhleb
Nemelex Xobeh
Okawaru
Qazlal
Ru
Sif Muna
Trog
Uskayaw
Vehumet
Wu Jian
Xom
Yredelemnul
Zin
The Shining One

Shops:
D:1 (   D:2 [   D:3 *[[


Innate Abilities, Weirdness & Mutations

You have very sharp teeth.
Your uncanny sense of smell can sniff out nearby items.
Your experience applies equally to all skills.


Message History

* * * LOW HITPOINT WARNING * * *
The orc priest barely misses you.
You hit the orc priest. You burn the orc priest.
You kill the orc priest!
Okawaru accepts your kill.
The gnoll sergeant hits you from afar with a +2 spear of freezing.
* * * LOW HITPOINT WARNING * * *
The gnoll sergeant freezes you.
* * * LOW HITPOINT WARNING * * *
The gnoll closely misses you. You block the gnoll sergeant's attack.
The gnoll hits you with a +0 halberd.
* * * LOW HITPOINT WARNING * * *
Things that are here:
a +0 flail; a +0 halberd; a gnoll corpse You hit the gnoll sergeant.
You burn the gnoll sergeant.
You bite the gnoll sergeant, but do no damage.
The gnoll sergeant is lightly wounded.
You hit the gnoll. You burn the gnoll.
The gnoll sergeant hits you with a +2 spear of freezing.
* * * LOW HITPOINT WARNING * * *
The gnoll sergeant freezes you.
* * * LOW HITPOINT WARNING * * *
The gnoll barely misses you.
You barely miss the gnoll sergeant.
The gnoll sergeant is lightly wounded.
You hit the gnoll. You burn the gnoll.
The gnoll sergeant hits you with a +2 spear of freezing.
* * * LOW HITPOINT WARNING * * *
The gnoll sergeant freezes you.
* * * LOW HITPOINT WARNING * * *
The gnoll barely misses you.
You barely miss the gnoll sergeant.
The gnoll sergeant is lightly wounded.
You hit the gnoll. You burn the gnoll.
You kill the gnoll!
Okawaru accepts your kill.
The gnoll sergeant hits you with a +2 spear of freezing!
* * * LOW HITPOINT WARNING * * *
The gnoll sergeant freezes you.
You die...

#........##### #...<. ..#...#
#..... ......# ####
#.♣...♣......# ###..#
###......# ...### #....##
##....♣...###.##.## ###...#
##.. #..÷..##..#...## ##...##
... ##....)@.......###.....#
#.##.....g).###).##.......#
###..#........##..###........
#.##..>###...###..###........
#..#......##.###..)#......>..
#............##....#.......#.
#......#....##.........###.#.
#.....###...###.#............
#......##....#..##...........


You could see a gnoll sergeant.

Vanquished Creatures
  Grinder (D:6)
  Menkaure (D:4)
  A steam dragon (D:6)
  A black bear (D:4)
  2 centaurs
  A phantom (D:4)
  A gnoll sergeant (D:5)
  3 scorpions
  A hound (D:5)
  3 jellies
  2 orc priests
  An iguana (D:4)
  2 orc wizards
  7 gnolls
  6 adders
  A shadow imp (D:6)
  2 bombardier beetles
  4 worms
  A dart slug (D:1)
  21 orcs
  7 bats
  8 endoplasms
  3 giant cockroaches
  7 goblins
  9 hobgoblins
  9 jackals
  7 quokkas
  8 ball pythons
  5 frilled lizards
  9 kobolds
  4 rats
138 creatures vanquished.

Notes
Turn   | Place    | Note
-------+----------+-------------------------------------------
     0 | D:1      | bmb222 the Gnoll Shapeshifter began the quest for the Orb.
     0 | D:1      | Reached XP level 1. HP: 17/17 MP: 1/1
    38 | D:1      | Reached XP level 2. HP: 17/23 MP: 2/2
    61 | D:1      | Found Zoatid's Antique Weapon Boutique.
   146 | D:1      | Reached XP level 3. HP: 26/28 MP: 3/3
   226 | D:1      | Reached skill level 1 in Invocations
   390 | D:1      | Reached skill level 1 in Short Blades
   390 | D:1      | Reached skill level 1 in Long Blades
   390 | D:1      | Reached skill level 1 in Axes
   390 | D:1      | Reached skill level 1 in Maces & Flails
   390 | D:1      | Reached skill level 1 in Polearms
   390 | D:1      | Reached skill level 1 in Staves
   390 | D:1      | Reached skill level 1 in Ranged Weapons
   390 | D:1      | Reached skill level 1 in Throwing
   390 | D:1      | Reached skill level 1 in Armour
   390 | D:1      | Reached skill level 1 in Stealth
   390 | D:1      | Reached skill level 1 in Shields
   390 | D:1      | Reached skill level 1 in Spellcasting
   390 | D:1      | Reached skill level 1 in Evocations
   588 | D:2      | Found Tadag's Antique Armour Boutique.
   662 | D:2      | Reached XP level 4. HP: 34/34 MP: 5/5
   932 | D:2      | Reached skill level 1 in Conjurations
   932 | D:2      | Reached skill level 1 in Hexes
   932 | D:2      | Reached skill level 1 in Summonings
   932 | D:2      | Reached skill level 1 in Necromancy
   932 | D:2      | Reached skill level 1 in Translocations
   932 | D:2      | Reached skill level 1 in Fire Magic
   932 | D:2      | Reached skill level 1 in Ice Magic
   932 | D:2      | Reached skill level 1 in Air Magic
   932 | D:2      | Reached skill level 1 in Earth Magic
   932 | D:2      | Reached skill level 1 in Alchemy
   993 | D:3      | Found Xegiysam's Armour Boutique.
  1204 | D:3      | Found Lyet's Armour Shop.
  1312 | D:3      | Reached XP level 5. HP: 40/40 MP: 7/7
  1420 | D:3      | Found Fafec Usaca's Assorted Antiques.
  1970 | D:4      | Found a staircase to the Ecumenical Temple.
  2134 | D:4      | Noticed Menkaure
  2145 | D:5      | Entered Level 5 of the Dungeon
  2373 | D:4      | Reached XP level 6. HP: 29/47 MP: 8/8
  2373 | D:4      | Killed Menkaure
  2374 | D:4      | Reached skill level 5 in Dodging
  2622 | D:4      | Reached XP level 7. HP: 41/52 MP: 10/10
  2629 | Temple   | Entered the Ecumenical Temple
  2689 | Temple   | Became a worshipper of Warmaster Okawaru
  3629 | D:3      | Bought a +2 cloak for 181 gold pieces
  3728 | D:5      | Reached XP level 8. HP: 45/60 MP: 12/12
  3844 | D:5      | Found a radiant altar of Vehumet.
  3857 | D:5      | Reached * piety under Okawaru
  4481 | D:6      | Noticed Grinder
  4481 | D:6      | Paralysed by Grinder for 2 turns
  4546 | D:6      | Killed Grinder
  4864 | D:6      | Reached ** piety under Okawaru
  5495 | D:6      | HP: 1/61 [gnoll sergeant/+2 spear of freezing (13)]
  5495 | D:6      | Slain by a gnoll sergeant

Illustrated notes

Levels and vault maps discovered:
D:1:      grunt_arrival_lava_bath, layout_rooms, serial_shops, shop
D:2:      layout_rooms, serial_shops, nicolae_shop_statue_plus
D:3:      layout_rooms, serial_shops, shop, nicolae_shop_back_alley_shop,
          nicolae_shop_temple_entry_statues_fountains, minmay_diced_spiral
D:4:      layout_loops_ring, minmay_temple_entry_grid, uniq_menkaure
D:5:      layout_cave_pools, lemuel_doored_altar, due_unseen_surprise
D:6:      layout_cave_pools, amethyst_killhole, corexii_item_surrounded_by_moat,
          grunt_ministairs_2, uniq_grinder, uniq_crazy_yiuf_cottage
Temple:   nicolae_temple_bog_church

Skill      XL: |  1  2  3  4  5  6  7  8 |
---------------+-------------------------+-----
Invocations    | 1 2 3 4 |  4.1
Short Blades   | 1 2 3 |  3.7
Long Blades    | 1 2 3 |  3.7
Axes           | 1 2 3 |  3.7
Maces & Flails | 1 2 3 |  3.7
Polearms       | 1 2 3 |  3.7
Staves         | 1 2 3 |  3.7
Ranged Weapons | 1 2 3 |  3.7
Throwing       | 1 2 3 |  3.7
Armour         | 1 2 3 |  3.7
Stealth        | 1 2 3 |  3.7
Shields        | 1 2 3 |  3.7
Spellcasting   | 1 2 3 |  3.7
Evocations     | 1 2 3 |  3.7
Conjurations   | 1 2 3 |  3.1
Hexes          | 1 2 3 |  3.1
Summonings     | 1 2 3 |  3.1
Necromancy     | 1 2 3 |  3.1
Translocations | 1 2 3 |  3.1
Fire Magic     | 1 2 3 |  3.1
Ice Magic      | 1 2 3 |  3.1
Air Magic      | 1 2 3 |  3.1
Earth Magic    | 1 2 3 |  3.1
Alchemy        | 1 2 3 |  3.1
Fighting       | 3 4 |  4.6
Dodging        | 5 6 |  6.0
Unarmed Combat | 7 |  7.6
Shapeshifting  | 7 |  7.4

Action                     |  1- 3 |  4- 6 |  7- 9 || total
---------------------------+-------+-------+-------++-------
  Melee: Unarmed           |    78 |    79 |    53 ||   210
         Punch             |     1 |     4 |     5 ||    10
         Bite              |     2 |    10 |    20 ||    32
         Hand axe          |       |    47 |   124 ||   171
    Use: Scroll            |       |     7 |     6 ||    13
         Potion            |       |     1 |     1 ||     2
   Stab: Sleeping          |       |       |     1 ||     1
 Armour: Animal skin       |    21 |       |       ||    21
         Ring mail         |    26 |    52 |    99 ||   177
         Skin              |       |    21 |    23 ||    44
  Dodge: Dodged            |    45 |    44 |   127 ||   216
  Block: Other             |       |    30 |    42 ||    72
         Reflection        |       |       |     2 ||     2
         Form:             |       |     1 |     1 ||     2
         Beast             |       |     1 |       ||     1
         Flux              |       |       |     1 ||     1

Table legend: (Time is in decaauts)
 A = Elapsed time spent in this place.
 B = Non-inter-level travel time spent in this place.
 C = Inter-level travel time spent in this place.
 D = Time resting spent in this place.
 E = Time spent auto-exploring this place.
 F = Levels seen in this place.
 G = Mean time per level.
                   A        B        C        D        E       F      G
               +--------+--------+--------+--------+--------+-----+--------+
         Total |   5507 |   5231 |    276 |   1655 |   2512 |   7 |  786.7 |
       Dungeon |   5431 |   5168 |    263 |   1655 |   2512 |   6 |  905.2 |
        Temple |     76 |     63 |     13 |      0 |      0 |   1 |   76.0 |
               +--------+--------+--------+--------+--------+-----+--------+

Top non-repeatable levels by time:
     D:4: 1425 daAuts
     D:6: 1026 daAuts
     D:5: 1023 daAuts
     D:3: 859 daAuts
     D:1: 581 daAuts
     D:2: 515 daAuts
  Temple: 76 daAuts
